 Dungeon Crawl Stone Soup version 0.31.0-12-g77e489cdc1 (webtiles) character file.

Game seed: 3072612216082575282

62 Dvallin the Shield-Bearer (level 4, 0/37 HPs)
             Began as a Formicid Fighter on Feb 29, 2024.
             Was an Initiate of Yredelemnul.
             Slain by Grinder (7 damage)
             ... on level 3 of the Dungeon.
             The game lasted 00:06:08 (1619 turns).

Dvallin the Shield-Bearer (Formicid Fighter)        Turns: 1619, Time: 00:06:09

Health: 0/37       AC: 11    Str: 21    XL:     4   Next: 28%
Magic:  4/4        EV:  5    Int:  7    God:    Yredelemnul [......]
Gold:   62         SH:  5    Dex: 15    Spells: 3/3 levels left

rFire   . . .        h - +0 morningstar
rCold   . . .        c - +0 buckler
rNeg    . . .        f - +0 plate armour
rPois   .            (helmet unavailable)
rElec   .            (no cloak)
rCorr   .            (no gloves)
SInv    +            (no boots)
Will    .....        (no amulet) Stlth
                     (no ring)
HPRegen 0.26/turn    (no ring)
MPRegen 0.09/turn

%: no passive effects
@: no status effects
A: permanent stasis, dig shafts and tunnels, antennae 3, four strong arms
a: Dig, Shaft Self, Renounce Religion, Recall Undead Harvest


You were on level 3 of the Dungeon.
You worshipped Yredelemnul.
Yredelemnul was noncommittal.
You visited 1 branch of the dungeon, and saw 3 of its levels.

You collected 62 gold pieces.

Inventory:

Hand Weapons
 a - a +0 flail
 h - a +0 morningstar (weapon)
Armour
 b - a +0 scale mail
 c - a +0 buckler (worn)
 f - a +0 plate armour (worn)
Wands
 m - a wand of mindburst (17)
Scrolls
 k - 2 scrolls of noise {unknown}
 l - 3 scrolls of identify {unknown}
 n - a scroll of acquirement {unknown}
 o - a scroll of immolation {unknown}
Potions
 d - 2 potions of might
 e - a potion of lignification {unknown}
 g - a potion of invisibility {unknown}
 i - 2 potions of brilliance {unknown}
 j - a potion of heal wounds {unknown}


   Skills:
 + Level 3.8 Fighting
 * Level 3.0 Maces & Flails
 + Level 3.7 Armour
 + Level 4.5 Shields
 + Level 0.0 Invocations


You had 3 spell levels left.
You didn't know any spells.
Your spell library was empty.

Dungeon Overview and Level Annotations

Branches:
Dungeon (3/15)

Altars:
Yredelemnul

Annotations:
D:3 Grinder


Innate Abilities, Weirdness & Mutations

You cannot be hasted, slowed, berserked, paralysed or teleported.
You can dig through walls and to a lower floor.
You have a pair of large antennae on your head. (SInv)
Your four strong arms can wield two-handed weapons with a shield.


Message History

Grinder hits you but does no damage.
Your frilled lizard zombie bites the adder.
The adder bites your frilled lizard zombie.
You block Grinder's attack. The goblin hits you but does no damage.
You hit Grinder.
Grinder is heavily wounded.
The adder bites your frilled lizard zombie.
Your frilled lizard zombie closely misses the adder.
The goblin hits you but does no damage. Grinder gestures at you.
Your stasis prevents you from being paralysed.
You barely miss Grinder.
Grinder is heavily wounded.
The adder barely misses your frilled lizard zombie.
The goblin hits you with a +0 club. Grinder gestures at you.
Pain shoots through your body!
The adder bites your frilled lizard zombie.
Your frilled lizard zombie is destroyed!
You barely miss Grinder.
Grinder is heavily wounded.
The adder hisses angrily.
The adder bites you. The goblin hits you with a +0 club.
You block Grinder's attack.
Your orc zombie closely misses the adder.
You block the adder's attack.
Grinder says, "There's only one good use for a tongue: cutting it out."
Grinder hits you!
* * * LOW HITPOINT WARNING * * *
You writhe in agony.
* * * LOW HITPOINT WARNING * * *
The goblin hits you but does no damage.
You hit the goblin.
The goblin is moderately wounded.
The adder bites you but does no damage.
Your orc zombie completely misses the adder.
The goblin hits you but does no damage. Grinder hits you!
You die...
Grinder says, "Hey, I wasn't done torturing you yet!"
Your body rises from the dead as a mindless zombie.

#### ########## ##...#
#....Z{Z.#
##.....###.######Z#
......5ZZZ.....##.######
.....bS@##.###.##.ZZZZ.Z
......g..#.# #.##.######
....#......###.##.# ...
##...#........##### ..
##.####.#........# #.#
##.#.#.###.# #.# ##.##.#
#.# ##'## ####.###.##
##...## #......Z


You could see Grinder (ally target), an adder (ally target), a goblin (ally
target), a bat, a friendly frilled lizard zombie, a friendly kobold zombie and a
friendly orc zombie.

Vanquished Creatures
  An adder (D:2)
  2 dart slugs
  A ribbon worm (D:2)
  An orc (D:3)
  An endoplasm (D:1)
  A giant cockroach (D:1)
  5 hobgoblins (D:1)
  2 jackals (D:2)
  6 kobolds
  2 quokkas
  8 ball pythons
  4 bats
  6 frilled lizards
  5 goblins
45 creatures vanquished.

Vanquished Creatures (others)
  A frilled lizard zombie (D:3)
1 creature vanquished.

Grand Total: 46 creatures vanquished

Notes
Turn   | Place    | Note
-------+----------+-------------------------------------------
     0 | D:1      | Dvallin the Formicid Fighter began the quest for the Orb.
     0 | D:1      | Reached XP level 1. HP: 18/18 MP: 1/1
   101 | D:1      | Reached XP level 2. HP: 22/24 MP: 2/2
   237 | D:1      | Reached XP level 3. HP: 28/29 MP: 3/3
   864 | D:2      | Reached XP level 4. HP: 37/37 MP: 4/4
  1171 | D:2      | Found a faded altar of an unknown god.
  1395 | D:2      | Prayed at the altar of an unknown god.
  1395 | D:2      | Became a worshipper of Yredelemnul the Dark
  1395 | D:2      | Reached * piety under Yredelemnul
  1606 | D:3      | Noticed Grinder
  1619 | D:3      | Slain by Grinder

Illustrated notes

Levels and vault maps discovered:
D:1:      spicycebolla_green_bress_n_ham, layout_loops_ring,
          chequers_decorated_corner
D:2:      layout_rooms, hellmonk_ecumenical_altar_inner_sanctum
D:3:      layout_loops_corners, serial_forest, infiniplex_forest_straight_5,
          infiniplex_forest_clump_curved, infiniplex_forest_zigzag_1,
          infiniplex_forest_straight_3, infiniplex_forest_straight_3,
          infiniplex_forest_lined_2, infiniplex_forest_straight_3,
          infiniplex_forest_end_2, minmay_misc_feat_alley, uniq_grinder

Skill      XL: |  1  2  3  4 |
---------------+-------------+-----
Maces & Flails | 3 |  3.0
Fighting       | |  3.8
Armour         | |  3.7
Shields        | |  4.5

Action                     |  1- 3 |  4- 6 || total
---------------------------+-------+-------++-------
  Melee: Flail             |    48 |       ||    48
         Morningstar       |    31 |    53 ||    84
 Armour: Scale mail        |    14 |       ||    14
         Plate armour      |    40 |    74 ||   114
  Dodge: Dodged            |    27 |    20 ||    47
  Block: Buckler           |    15 |    15 ||    30
